Map: Bel'Shir Vestige LE (Void)

Players

SimonJ

  • Race: Terran Terran
  • League: Master
  • Spawn Location: 5:00

Musumeci - Winner!

  • Race: Zerg Zerg
  • League: Diamond
  • Spawn Location: 11:00

VOD

Have the link to the VOD?

Description

Time

  • Played on: March 24, 2017, 5:49 a.m.
  • Length: 13:19
Show
View Real Time Build Order
Export as new Build Order

SimonJ Terran 

Build Orders: Reaper Expand, MMM Bio 

Get SALT Encoding   

  12  0:02  SCV  
  13  0:14  SCV  
  14  0:19  Supply Depot  
  14  0:26  SCV  
  15  0:41  SCV  
  15  0:42  Barracks  
  16  0:47  Refinery  
  16  0:53  SCV  
  17  1:05  SCV  
  18  1:18  SCV  
  19  1:31  Reaper  
  20  1:33  Orbital Command  
  20  1:41  Command Center  
  20  1:52  Barracks  
  20  1:59  SCV  
  21  2:09  Barracks Reactor  
  21  2:15  SCV  
  22  2:16  Supply Depot  
  22  2:19  Refinery  
  21  2:52  Marine  
  21  2:53  Marine  
  21  2:57  Barracks Tech Lab  
  22  2:59  Orbital Command  
  22  3:04  Factory  
  22  3:07  SCV  
  23  3:14  Marine x2  
  23  3:19  SCV, Stimpack  
  26  3:22  Marine  
  27  3:27  SCV  
  27  3:31  SCV, Marine  
  27  3:32  Marine  
  31  3:39  SCV  
  31  3:40  Marine  
  33  3:44  SCV  
  34  3:49  Marine  
  34  3:51  Starport  
  34  3:52  SCV  
  36  3:56  SCV  
  36  3:57  Factory Reactor  
  36  3:59  Marine x2, Supply Depot  
  39  4:04  SCV  
  39  4:08  SCV  
  39  4:09  Marine  
  42  4:16  SCV  
  43  4:17  Marine x2  
  43  4:20  SCV  
  43  4:23  Supply Depot  
  46  4:27  Marine  
  46  4:28  SCV  
  48  4:32  SCV  
  48  4:35  Marine  
  50  4:38  Marine  
  50  4:40  SCV  
  50  4:41  Medivac  
  50  4:44  SCV, Marine, Medivac  
  58  4:45  Supply Depot  
  58  4:52  SCV  
  59  4:53  Marine  
  59  4:55  Supply Depot  
  59  4:56  SCV, Marine  
  62  5:07  SCV, Marine  
  62  5:08  SCV  
  62  5:10  Marine, Engineering Bay  
  62  5:11  Medivac  
  68  5:19  SCV  
  68  5:21  SCV  
  70  5:30  Marine x2  
  70  5:31  SCV, Marine  
  70  5:32  Combat Shields  
  70  5:33  SCV, Factory Tech Lab  
  70  5:34  Medivac  
  77  5:37  Terran Infantry Weapons Level 1  
  77  5:42  Refinery  
  77  5:43  Refinery, SCV  
  78  6:06  Supply Depot  
  78  6:21  Barracks  
  78  6:23  Barracks x2  
  78  6:24  Barracks  
  78  6:25  Barracks  
  78  6:27  SCV, Marine x3, Medivac x2  
  82  6:45  Marine  
  70  7:03  Marine  
  70  7:04  Marine x2  
  73  7:21  Marine x2  
  71  7:27  Barracks Tech Lab x5  
  68  7:33  Marauder  
  70  7:47  Marauder x5  
  70  7:48  Concussive Shells  
  70  7:50  Medivac x2  
  84  7:54  Marauder  
  84  7:56  Supply Depot x3  
  86  7:58  Supply Depot  
  86  7:59  Supply Depot  
  86  8:18  Marauder x6, Siege Tank  
  101  8:20  Medivac x2  
  105  8:28  Marine x2  
  107  8:39  Marauder x6  
  119  8:48  Command Center  
  119  9:01  Marauder x4  
  125  9:16  Marauder  
  125  9:21  Marauder  
  125  9:24  Marauder x2  
  125  9:34  Supply Depot  
  125  9:35  Supply Depot x2  
  125  9:36  Supply Depot  
  125  9:37  Supply Depot  
  125  9:38  Supply Depot  
  125  9:42  Terran Infantry Armor Level 1  
  125  9:51  Medivac  
  125  9:52  Marauder x3  
  133  9:56  Marauder x3, Medivac, Siege Tank  
  144  10:06  Orbital Command  
  144  10:13  Marauder x3  
  150  10:14  Marine x2  
  150  10:17  Marine x3  
  155  10:25  Medivac  
  155  10:28  Siege Tank  
  160  10:31  Armory  
  160  10:32  Marine x2  
  160  10:34  Marine x3  
  160  10:35  Marauder, SCV x3, Marine  
  171  10:36  Marauder  
  173  10:47  SCV x2  
  173  10:49  Marine  
  175  10:50  Marine  
  175  10:52  Marauder x3  
  175  10:53  Marauder  
  175  10:57  Marauder, Marine, Command Center  
  187  11:00  Siege Tank  
  96  11:25  Marine  
  96  11:27  Marauder x5  
  96  11:28  Marauder  
  109  11:35  Marine  
  110  11:43  Marine  
  111  11:48  Marauder x2  
  111  11:49  Marauder x4, Siege Tank  
  111  11:52  Marine  
  127  11:57  Engineering Bay  
  127  12:01  Marine  
  128  12:09  Marauder, Marine  
  128  12:10  Marauder x4, Marine  
  140  12:19  Marine  
  141  12:23  Command Center  
  141  12:28  Marine  
  142  12:32  Marauder x3  
  142  12:33  Marauder  
  142  12:36  Marauder  
  152  12:37  Marine  
  153  12:46  Marine  
  154  12:55  Marine  
  154  12:57  Marauder x2  
  154  12:58  Marauder x3  
Show
View Real Time Build Order
Export as new Build Order

Musumeci Zerg - Winner!

Build Orders: Hatch First 

Get SALT Encoding   

  12  0:01  Drone  
  13  0:08  Drone  
  14  0:17  Overlord  
  14  0:28  Drone, Extractor  
  14  0:35  Drone x2  
  17  0:54  Hatchery  
  16  1:00  Drone  
  17  1:17  Spawning Pool  
  16  1:34  Drone x3  
  19  1:48  Drone  
  20  2:00  Drone, Extractor  
  20  2:05  Queen  
  20  2:06  Queen  
  24  2:09  Drone x2  
  27  2:20  Overlord  
  27  2:29  Drone x2, Extractor  
  28  2:34  Extractor  
  29  2:39  Drone x3  
  29  2:40  Queen  
  29  2:42  Queen  
  35  2:46  Spore Crawler  
  35  2:51  Drone  
  36  3:01  Drone  
  36  3:06  Overlord  
  36  3:09  Overlord  
  36  3:12  Overlord  
  36  3:16  Extractor  
  36  3:17  Extractor  
  36  3:19  Roach Warren  
  33  3:29  Drone  
  33  3:30  Drone x8  
  42  3:43  Drone x2  
  44  3:50  Evolution Chamber  
  44  3:51  Evolution Chamber  
  44  3:52  Hatchery  
  41  4:03  Roach x3  
  41  4:04  Roach  
  49  4:18  Drone x3  
  49  4:19  Drone  
  49  4:22  Drone  
  54  4:33  Roach  
  54  4:34  Roach x2  
  60  4:40  Overlord  
  60  4:41  Overlord  
  60  5:03  Roach x2  
  64  5:17  Spore Crawler x2  
  64  5:19  Overlord x3  
  64  5:20  Spore Crawler  
  64  5:21  Spore Crawler  
  60  5:24  Lair, Extractor  
  60  5:27  Zerg Missile Weapons Level 1  
  59  5:37  Drone x2  
  59  5:38  Drone  
  62  5:56  Drone  
  67  5:57  Drone x14  
  77  6:07  Overlord  
  77  6:12  Extractor x2  
  75  6:23  Glial Reconstitution, Extractor  
  75  6:24  Roach  
  75  6:25  Roach x7  
  90  6:26  Zerg Ground Armor Level 1  
  90  6:27  Drone  
  84  6:51  Drone x12  
  90  7:01  Queen  
  86  7:08  Spore Crawler  
  86  7:10  Spore Crawler  
  86  7:13  Queen  
  78  7:28  Drone x3  
  78  7:29  Drone x12  
  93  7:57  Drone x4  
  93  7:58  Drone x3  
  100  8:06  Drone  
  100  8:07  Drone x3  
  100  8:11  Ravager x2  
  106  8:13  Zerg Missile Weapons Level 2  
  106  8:14  Overlord x2  
  106  8:15  Overlord x2  
  106  8:20  Zerg Ground Armor Level 2  
  106  8:32  Ravager x5  
  106  8:33  Ravager  
  112  8:39  Spore Crawler  
  96  9:19  Drone  
  96  9:20  Drone x16  
  105  9:37  Ravager x8  
  113  9:41  Extractor  
  113  9:44  Queen  
  113  9:45  Extractor  
  113  9:48  Spore Crawler  
  113  9:51  Spore Crawler  
  111  9:53  Spore Crawler  
  111  9:54  Roach x9  
  128  10:03  Hatchery  
  128  10:09  Overlord  
  128  10:10  Overlord  
  128  10:12  Overlord  
  128  10:13  Overlord  
  128  10:22  Infestation Pit  
  127  10:31  Roach x10  
  127  10:33  Ravager x8  
  127  10:34  Ravager  
  156  10:58  Hive  
  156  11:08  Roach  
  156  11:09  Roach x13  
  136  11:26  Roach x6  
  148  11:36  Drone x2  
  148  11:37  Drone x2, Extractor  
  148  11:38  Drone  
  152  11:49  Drone  
  152  11:50  Drone x3  
  156  11:54  Ravager x2  
  156  11:55  Ravager x8  
  166  12:21  Roach x4  
  166  12:22  Roach  
  176  12:25  Overlord  
  176  12:26  Overlord x6  
  176  12:45  Hatchery  
  176  12:46  Extractor  
  176  12:47  Extractor  
Tags
 
Add a new tag
Caveats
  • Supply blocks, unpowered buildings, or Contaminate may cause inaccurate times.
  • Supply counts are checked every 10 seconds.